[Event "*** Titled Tuesday Blitz"]
[Site "Chess.com"]
[Date "2020.11.03"]
[Round "4"]
[White "Piotrek1979"]
[Black "Chernobay_Artem"]
[Result "1-0"]
[WhiteElo "2456"]
[BlackElo "2620"]
[TimeControl "180+1"]
[EndTime "10:41:46 PST"]
[Termination "Piotrek1979 won by resignation"]

1. Nf3 c5 2. g3 Nc6 3. Bg2 g6 4. O-O Bg7 5. c3 e5 6. d3 Nge7 7. a3 O-O 8. b4 cxb4 9. axb4 d5 10. b5 Nb8 11. e4 Nd7 12. Ba3 Nb6 13. Nbd2 Re8 14.
c4 dxe4 15. dxe4 Be6 16. Rc1 Qd3 17. Bxe7 Rxe7 18. c5 Nd7 19. Qa4 b6 20. c6 Nc5 21.
Rxc5 bxc5 22. b6 Qd8 23. b7 Rb8 24. Qxa7 Qd6 25. Ra1 Ree8 26. Ra6 c4 27. Nf1 c3 28.
Ne3 Bh6 29. Bf1 Bxe3 30. Qxe3 c2 31. Qc3 Qd1 32. Ra1 Bh3 33. Nd2 Bxf1 34. Nxf1 Re7 35. c7 Rxc7 36. Qxc7 Qxa1 37. Qxb8+ Kg7 38. Qc7 c1=Q 39.
Qxc1 Qxc1 40. b8=Q Qc3 41. Qd6 h6 42. h4 h5 43. Ne3 Qa1+ 44. Kg2 Kg8 45. Qd5 Qb2 46. Nc4 Qc2 47. Nxe5 Qc7 48. Qxf7+ 1-0

[Event "*** Titled Tuesday Blitz"]
[Site "Chess.com"]
[Date "2020.11.03"]
[Round "4"]
[White "esskeettit"]
[Black "Keures"]
[Result "1-0"]
[WhiteElo "2466"]
[BlackElo "2307"]
[TimeControl "180+1"]
[EndTime "10:41:47 PST"]
[Termination "esskeettit won on time"]

1. d4 Nf6 2. c4 c5 3. d5 b5 4. cxb5 a6 5. b6 e6 6. Nc3 Nxd5 7. Nxd5 exd5 8. Qxd5 Nc6 9. e4 Be7 10. Bc4 O-O 11. Nf3 Qxb6 12. O-O d6 13. Qd2 Be6 14. Bd5 Rad8 15. b3 Bf6 16. Bb2 Bxb2 17. Qxb2 Nb4 18.
Bxe6 fxe6 19. Rad1 d5 20. exd5 exd5 21. Ne5 Rf5 22. Ng4 Rdf8 23. Ne3 Rg5 24. a3 d4 25. Nc4 Qg6 26. f4 Nd3 27. Qd2 Rg4 28.
Qxd3 Rxg2+ 29. Kh1 Qg4 30. Qf3 Qxf3 31. Rxf3 Rc2 32.
Ne5 Rb8 33. Nd7 Rc8 34. Re1 1-0

[Event "*** Titled Tuesday Blitz"]
[Site "Chess.com"]
[Date "2020.11.03"]
[Round "4"]
[White "Dinamo3"]
[Black "Shota_Azaladze"]
[Result "1/2-1/2"]
[WhiteElo "2426"]
[BlackElo "2622"]
[TimeControl "180+1"]
[EndTime "10:41:48 PST"]
[Termination "Game drawn by repetition"]

1. e4 g6 2. d4 Bg7 3. Nc3 c6 4. Nf3 d6 5. Be2 Nf6 6. O-O O-O 7. h3 Qa5 8. Re1 e5 9. Bf1 Nbd7 10. Bg5 Re8 11. Qd2 Nf8 12. dxe5 dxe5 13. Qd6 N6d7 14. Nd2 Ne6 15. Nc4 Qc5 16. Qd2 Nxg5 17. Qxg5 b5 18. Ne3 Nf8 19. Rad1 Ne6 20. Qg3 Nd4 21. Rd2 Be6 22.
a3 a5 23. Ne2 b4 24. a4 Rad8 25. Red1 Nxe2+ 26. Bxe2 Rd4 27. b3 Qc3 28. Rd3 Qb2 29. R1d2 Red8 30. Kh2 h5 31. Rxd4 Rxd4 32. Rxd4 exd4 33.
Nc4 Qxc2 34. Qd3 Qc1 35. g3 h4 36. Kg2 hxg3 37. fxg3 c5 38. Qf3 Bh6 39. h4 Be3 40. Qf1 Qc3 41. Qd1 Bh6 42. Qd3 Qc1 43. Qd1 Qxd1 44.
Bxd1 Bxc4 45. bxc4 d3 46. Kf3 Kg7 47. e5 Kf8 48. Ke4 d2 49. g4 Ke7 50. g5 Bg7 51. Kd5 Kd7 52. Bc2 Kc7 53. Bd1 Kb6 54.
Bc2 Kc7 55. Bd1 Kd7 56. Bc2 Ke7 57. Bd1 Kd7 1/2-1/2

[Event "*** Titled Tuesday Blitz"]
[Site "Chess.com"]
[Date "2020.11.03"]
[Round "4"]
[White "Shoytan"]
[Black "Savva09022009"]
[Result "1-0"]
[WhiteElo "2604"]
[BlackElo "2369"]
[TimeControl "180+1"]
[EndTime "10:41:49 PST"]
[Termination "Shoytan won by checkmate"]

1. e4 c5 2. Nf3 d6 3. d4 cxd4 4. Nxd4 Nf6 5. Nc3 Nc6 6. a3 e5 7. Nf3 Be7 8. Bg5 O-O 9. Bc4 h6 10. Bxf6 Bxf6 11. O-O Bg4 12. h3 Bh5 13. Nd5 Bg6 14.
Qd3 a6 15. Ba2 b5 16. Rad1 Rc8 17. Rfe1 Na5 18. Nxf6+ Qxf6 19. Qxd6 Rxc2 20. Qxe5 Rxb2 21. Bd5 Nc4 22. Qxf6 gxf6 23. a4 Ne5 24. axb5 Nxf3+ 25. gxf3 axb5 26. f4 Bh5 27. Rd3 b4 28. f5 Rc8 29.
e5 fxe5 30. Rxe5 Kf8 31. Bb7 Rb8 32. Rd7 b3 33. Rb5 Rb1+ 34. Kg2 Be2 35. Rb4 Ba6 36.
f6 Bxb7+ 37. Rbxb7 Rxb7 38. Rd8# 1-0

[Event "*** Titled Tuesday Blitz"]
[Site "Chess.com"]
[Date "2020.11.03"]
[Round "4"]
[White "enriquebutti"]
[Black "talyamania"]
[Result "0-1"]
[WhiteElo "1986"]
[BlackElo "2375"]
[TimeControl "180+1"]
[EndTime "10:41:49 PST"]
[Termination "talyamania won by resignation"]

1. Nf3 Nf6 2. b3 g6 3. Bb2 Bg7 4. e3 O-O 5. d4 b6 6. c4 Bb7 7.
Bd3 Ne4 8. Nbd2 Nxd2 9. Qxd2 d6 10. O-O e6 11. e4 Nd7 12. Rfd1 Qe7 13. Rac1 Rad8 14.
Qe3 Rfe8 15. h4 e5 16. d5 Nf6 17. Qg5 Bc8 18. Nh2 h6 19. Qe3 Kh7 20. f3 h5 21.
Nf1 Bh6 22. Qf2 Bxc1 23. Bxc1 Ng8 24. Bg5 f6 25. Bd2 Nh6 26. Ne3 Rg8 27. Kh1 Rdf8 28. Rg1 f5 29. exf5 gxf5 30. g4 e4 31. Bb1 hxg4 32. fxg4 Nxg4 33. Nxg4 Rxg4 34. Rxg4 fxg4 35. Qg3 Rf1+ 36. Kg2 Rxb1 37. Qf4 Rb2 38. Qh6+ Kg8 39. Qg6+ Kf8 40. Qh6+ Qg7 41. Qf4+ Kg8 42. Kg3 Qe5 43. Bc3 Qxc3+ 0-1

[Event "*** Titled Tuesday Blitz"]
[Site "Chess.com"]
[Date "2020.11.03"]
[Round "4"]
[White "LisikValera"]
[Black "Bulldog167"]
[Result "1-0"]
[WhiteElo "2535"]
[BlackElo "2739"]
[TimeControl "180+1"]
[EndTime "10:41:50 PST"]
[Termination "LisikValera won on time"]

1. d4 Nf6 2. c4 c5 3. d5 e6 4.
Nc3 exd5 5. cxd5 d6 6. e4 g6 7. h3 Bg7 8. Nf3 O-O 9. Bd3 Nbd7 10. O-O Re8 11. Re1 Ne5 12. Be2 Nxf3+ 13. Bxf3 a6 14. a4 Nd7 15. Bf4 Ne5 16. Be2 Bd7 17.
Bg3 g5 18. Qd2 Rb8 19. Nd1 b5 20. axb5 Bxb5 21. Ne3 Bxe2 22. Qxe2 Rxb2 23. Qh5 Qf6 24. Nf5 Qg6 25. Qxg6 hxg6 26. Nxd6 Re7 27. Rxa6 Nd3 28. Rd1 Nf4 29. Ra8+ Kh7 30. Ne8 Be5 31. Rd8 Ra7 32. d6 Ne2+ 33. Kh2 Nxg3 34. fxg3 Raa2 35. Rg1 Bd4 36.
d7 Bxg1+ 37. Kh1 Rd2 38. Nf6+ Kg7 39. e5 Rxd7 40. Rxd7 Bd4 41. Ng4 Ra1+ 42. Kh2 Bg1+ 43. Kh1 c4 44. e6 c3 45. Rxf7+ Kh8 46. e7 Bc5+ 47. Kh2 Bg1+ 48. Kh1 Bc5+ 49. Kh2 Bxe7 50. Rxe7 c2 51. Nf6 1-0

[Event "*** Titled Tuesday Blitz"]
[Site "Chess.com"]
[Date "2020.11.03"]
[Round "4"]
[White "petrkostenko"]
[Black "frederiksvane"]
[Result "0-1"]
[WhiteElo "2471"]
[BlackElo "2629"]
[TimeControl "180+1"]
[EndTime "10:41:51 PST"]
[Termination "frederiksvane won on time"]

1. e4 c5 2. Nf3 g6 3. d4 cxd4 4. Qxd4 Nf6 5. Nc3 Nc6 6. Qa4 d6 7. e5 dxe5 8. Nxe5 Bg7 9. Bb5 O-O 10. Nxc6 bxc6 11. Bxc6 Bd7 12. O-O Rc8 13. Bxd7 Qxd7 14.
Be3 Qxa4 15. Nxa4 Rxc2 16. Rac1 Rfc8 17. Rxc2 Rxc2 18. Bxa7 Nd5 19. Rb1 Bxb2 20. Nxb2 Nc3 21. Re1 Rxb2 22. a3 Ra2 23. Bc5 e5 24. g3 f6 25. Kg2 Kf7 26. Re3 Na4 27. Bb4 Ke6 28. Rd3 e4 29. Rd8 f5 30. h4 Rc2 31. Re8+ Kd5 32.
Re7 Nb2 33. Rd7+ Ke6 0-1

[Event "*** Titled Tuesday Blitz"]
[Site "Chess.com"]
[Date "2020.11.03"]
[Round "4"]
[White "Chessdude1987"]
[Black "MIJuanReyesRosa"]
[Result "1-0"]
[WhiteElo "2300"]
[BlackElo "2111"]
[TimeControl "180+1"]
[EndTime "10:41:51 PST"]
[Termination "Chessdude1987 won on time"]

1. e4 c5 2. b3 d6 3. Bb2 e6 4. Nc3 Nf6 5. f4 Be7 6. Qf3 Nc6 7. O-O-O O-O 8. g4 Nd7 9. g5 Re8 10. h4 Bf8 11. h5 Nd4 12. Qg3 b5 13.
Nce2 Qb6 14. g6 fxg6 15. hxg6 h6 16. Nxd4 cxd4 17. Nf3 e5 18. f5 Nf6 19. Re1 Bb7 20. Bd3 Rac8 21. Ng5 b4 22. Nh7 Be7 23. Bc4+ Kh8 24.
Ng5 d5 25. exd5 Bxd5 26. Bxd5 Nxd5 27. Nf7+ Kg8 28. Qxe5 Qc5 29. Kb1 Qxc2+ 30. Ka1 Nc3 31. dxc3 bxc3 32. Bc1 Qxc1+ 33. Rxc1 1-0

[Event "*** Titled Tuesday Blitz"]
[Site "Chess.com"]
[Date "2020.11.03"]
[Round "4"]
[White "GAusal"]
[Black "gumimis"]
[Result "1-0"]
[WhiteElo "2078"]
[BlackElo "2250"]
[TimeControl "180+1"]
[EndTime "10:41:51 PST"]
[Termination "GAusal won on time"]

1. e4 c5 2. f4 Nc6 3. Nf3 g6 4. h4 Bg7 5. h5 gxh5 6. Bc4 Nf6 7. e5 Ng4 8. Rxh5 d5 9. Bb5 Qb6 10. Bxc6+ bxc6 11. Nc3 c4 12. Qe2 Ba6 13. Rg5 h5 14. Rxg7 d4 15. Na4 Qa5 16. Qe4 Qxa4 17. Nxd4 Rc8 18. e6 f6 19. Qg6+ Kd8 20. Qf7 Qb4 21.
c3 Qc5 22. Ke2 Re8 23. Rg8 Rxg8 24. Qxg8+ Kc7 25. Qh7 Rd8 26. Qe4 f5 27. Qf3 Bb7 28.
Qh3 Qd6 29. g3 c5 30. Nb5+ Kc6 31. Nxd6 Kxd6 32. Qxh5 Kxe6 33. Qg6+ Kd7 34. Qxf5+ e6 35. Qxg4 1-0

[Event "*** Titled Tuesday Blitz"]
[Site "Chess.com"]
[Date "2020.11.03"]
[Round "4"]
[White "tigra"]
[Black "Natalya_Buksa"]
[Result "1-0"]
[WhiteElo "2823"]
[BlackElo "2534"]
[TimeControl "180+1"]
[EndTime "10:41:52 PST"]
[Termination "tigra won by checkmate"]

1. e4 c5 2. Nc3 Nc6 3. f4 e6 4.
Bb5 d5 5. Nf3 dxe4 6. Bxc6+ bxc6 7. Nxe4 Nf6 8. Qe2 Nxe4 9. Qxe4 Qd5 10. d3 Ba6 11. b3 c4 12. Qxd5 cxd5 13. dxc4 dxc4 14.
Bb2 Bb4+ 15. Kf2 O-O 16. Bd4 Bd6 17. g3 Rfc8 18. c3 Bb7 19. b4 f6 20. a4 Kf7 21.
Rhd1 Be7 22. Be3 Bd5 23. Nd4 a6 24. Rd2 Be4 25. Re1 Bd3 26. Nf3 Bf8 27. Bd4 Rab8 28. g4 Rd8 29. h3 h5 30. gxh5 Bf5 31.
Kg3 Bd6 32. Ba7 Rb7 33. Bc5 Rbd7 34. Rxd6 Rxd6 35. Bxd6 Rxd6 36. Nd4 Bd3 37. b5 axb5 38. axb5 Rd5 39. b6 Rd6 40. Rxe6 Rd7 41. Rc6 Ke7 42. f5 Kd8 43. Kf4 Ke7 44. Rc7 Rxc7 45. bxc7 Kd7 46. Ne6 Kc8 47. Nxg7 Kxc7 48. h6 Kd6 49. h7 Ke7 50.
h8=Q Kf7 51. Ne6 Bf1 52. Qf8# 1-0

[Event "*** Titled Tuesday Blitz"]
[Site "Chess.com"]
[Date "2020.11.03"]
[Round "4"]
[White "Bastiandash"]
[Black "CzechmVIII"]
[Result "1-0"]
[WhiteElo "2341"]
[BlackElo "2142"]
[TimeControl "180+1"]
[EndTime "10:41:52 PST"]
[Termination "Bastiandash won by resignation"]

1. d4 Nf6 2. Nf3 c5 3. c3 Qc7 4.
Bg5 Ne4 5. Bh4 cxd4 6. cxd4 Qa5+ 7.
Nbd2 g5 8. Bg3 h5 9. a3 Nxg3 10.
hxg3 g4 11. Ne5 d6 12. Nd3 Bg7 13. e3 Nc6 14. b4 Qd8 15. Rc1 e5 16. b5 Ne7 17. dxe5 dxe5 18. Nc4 Ng6 19. e4 Be6 20. Ne3 Qa5+ 21. Qd2 Qxd2+ 22. Kxd2 h4 23. gxh4 Nxh4 24. Be2 Ke7 25. Rc7+ Kd6 26. Rhc1 Rac8 27. Rxb7 Rxc1 28. Kxc1 Bh6 29. Ne1 Bxe3+ 30. fxe3 f5 31. exf5 Bxf5 32. Rxa7 Rc8+ 33. Kd2 Be4 34. Nd3 Nxg2 35. Ra6+ Ke7 36. Bxg4 Rd8 37. Be2 Ne1 38. Kxe1 Bxd3 39. Bxd3 Rxd3 40.
Ke2 Rb3 41. b6 Kd7 42. a4 Kc6 43. a5 Rb5 44. Ra7 e4 45. Kf2 Rb2+ 46. Kg3 Rb3 47. Kf4 Kd5 48. b7 Rb1 49. a6 Rf1+ 50.
Kg3 Rb1 51. Ra8 Kc4 52. b8=Q Rxb8 53. Rxb8 1-0

[Event "*** Titled Tuesday Blitz"]
[Site "Chess.com"]
[Date "2020.11.03"]
[Round "4"]
[White "Alexsur1981"]
[Black "rasmussvane"]
[Result "0-1"]
[WhiteElo "2775"]
[BlackElo "2953"]
[TimeControl "180+1"]
[EndTime "10:41:53 PST"]
[Termination "rasmussvane won on time"]

1. e4 c6 2. Nc3 d5 3. Qe2 dxe4 4. Nxe4 Bf5 5. d3 h6 6. Bd2 e6 7. g4 Bh7 8. O-O-O Nd7 9. f4 Ngf6 10. Bg2 Qc7 11.
h4 O-O-O 12. Nh3 Be7 13. g5 Nd5 14. Nc3 Bf5 15. Nxd5 cxd5 16. Nf2 Bd6 17. Qf3 Kb8 18. Kb1 Rc8 19. c3 Qb6 20. Ka1 Nc5 21. Bh3 Bxh3 22.
Rxh3 Rc6 23. gxh6 gxh6 24. f5 Qa5 25. Kb1 Rb6 26. Rc1 Rc8 27. fxe6 fxe6 28. Rc2 Ra6 29. b4 Qb5 30. c4 dxc4 31. dxc4 Qb6 32. Qe3 Ra4 33. a3 a5 34. b5 Qc7 35. Nd1 Nd7 36. Nb2 Rxa3 37. Rc3 Rxc3 38. Qxc3 Bb4 39. Qc1 Nb6 0-1

[Event "*** Titled Tuesday Blitz"]
[Site "Chess.com"]
[Date "2020.11.03"]
[Round "4"]
[White "Koksik_13"]
[Black "Aleksey_Sorokin"]
[Result "0-1"]
[WhiteElo "2660"]
[BlackElo "2879"]
[TimeControl "180+1"]
[EndTime "10:41:54 PST"]
[Termination "Aleksey_Sorokin won on time"]

1. d4 Nf6 2. Nc3 d5 3. Bf4 a6 4. e3 e6 5. Nf3 c5 6. Bd3 Nc6 7. O-O b5 8. a3 Bb7 9. dxc5 Bxc5 10. Qe2 Bd6 11. Bxd6 Qxd6 12. e4 dxe4 13. Nxe4 Nxe4 14. Bxe4 Qc7 15. c4 b4 16. Bxc6+ Bxc6 17. axb4 Qb7 18. b5 axb5 19. cxb5 Rxa1 20. Rxa1 Bxb5 21. Qe3 O-O 22. Ra7 Qb8 23. Ne5 Rd8 24. Ra1 Rd5 25. Nf3 h6 26. h3 Bd3 27. Ra2 Bb1 28. Ra1 Rd1+ 29. Ne1 Qxb2 30. Ra8+ Kh7 31. Kh2 Qb7 32.
Ra7 Qb8+ 33. g3 Bg6 34. Nf3 Rd3 35. Qc5 Rxf3 36. Kg2 Rd3 37. Ra4 Rd5 0-1

[Event "*** Titled Tuesday Blitz"]
[Site "Chess.com"]
[Date "2020.11.03"]
[Round "4"]
[White "Cocaino74"]
[Black "RaneshRatnesan"]
[Result "0-1"]
[WhiteElo "2279"]
[BlackElo "2113"]
[TimeControl "180+1"]
[EndTime "10:41:54 PST"]
[Termination "RaneshRatnesan won on time"]

1. e4 c5 2. Nf3 d6 3. Bb5+ Bd7 4. Bxd7+ Nxd7 5. O-O Ngf6 6. Qe2 Rc8 7. c4 g6 8. b3 Bg7 9. Bb2 O-O 10. d4 cxd4 11. Nxd4 a6 12. Nc3 Qa5 13. Rfd1 Nc5 14. a3 Qc7 15. Rac1 e5 16. b4 exd4 17. Nd5 Qd8 18.
Nxf6+ Bxf6 19. bxc5 dxc5 20. Rd3 Bg7 21. f4 Qe7 22.
Qf3 Rce8 23. Re1 b5 24. cxb5 axb5 25. e5 Qe6 26. Qb7 Rb8 27. Qa7 Rfc8 28. Rc1 Qd5 29. Qa6 Qe4 30. Rxd4 Qe3+ 31. Kf1 cxd4 32. Rxc8+ Rxc8 33. Qxc8+ Bf8 34. Bc1 Qd3+ 35. Kf2 Qe4 36. Kg3 d3 37. f5 Qxe5+ 38. Bf4 Qxf5 39. Bh6 Qxc8 0-1

[Event "*** Titled Tuesday Blitz"]
[Site "Chess.com"]
[Date "2020.11.03"]
[Round "4"]
[White "Hikaru"]
[Black "AmirBagheri78"]
[Result "1-0"]
[WhiteElo "3217"]
[BlackElo "2580"]
[TimeControl "180+1"]
[EndTime "10:41:55 PST"]
[Termination "Hikaru won by resignation"]

1. Nf3 Nf6 2. b3 d5 3. Bb2 c6 4. d4 Bg4 5. Nbd2 Nbd7 6. g3 e6 7. Bg2 Be7 8. h3 Bxf3 9. Bxf3 O-O 10. O-O Bd6 11. e4 dxe4 12. Nxe4 Nxe4 13. Bxe4 Re8 14.
c4 Qa5 15. a3 Rad8 16. b4 Qg5 17. Qc2 Nf6 18. Bg2 Bf8 19. Rfe1 Re7 20. a4 Red7 21.
Bc3 h5 22. Re5 Qh6 23. b5 h4 24. g4 Qf4 25. g5 Nh7 26. Qc1 Qxc1+ 27. Rxc1 Bd6 28.
g6 Bxe5 29. gxh7+ Kxh7 30. dxe5 Rd1+ 31. Rxd1 Rxd1+ 32. Bf1 Rc1 33. bxc6 bxc6 34. Bd4 a5 35. Bb6 Ra1 36. Bxa5 Rxa4 37. Bc7 Ra1 38. Kg2 f5 39. exf6 gxf6 40. Be2 Rc1 41. Bd6 e5 42. c5 e4 43.
Bg4 Kg6 44. Bd7 Rc2 45. Bxc6 f5 46. Kf1 Rc3 47. Bd7 Rxh3 48. c6 Rc3 49. c7 h3 50.
c8=Q Rxc8 51. Bxc8 Kg5 52. Bh2 Kg4 53. Ke2 Kg5 54.
f3 exf3+ 55. Kxf3 Kf6 56. Kf4 Ke7 57. Bxf5 Kd6 58. Bxh3 Kd5 59. Kf5 Kd4 60. Be5+ Ke3 61. Bg2 Kf2 62. Ba8 Ke3 63. Be4 Ke2 64. Kf4 Kf2 65. Bd3 Ke1 66. Ke3 1-0

[Event "*** Titled Tuesday Blitz"]
[Site "Chess.com"]
[Date "2020.11.03"]
[Round "4"]
[White "Balla_Tamas"]
[Black "almo64"]
[Result "1-0"]
[WhiteElo "2502"]
[BlackElo "2680"]
[TimeControl "180+1"]
[EndTime "10:41:55 PST"]
[Termination "Balla_Tamas won on time"]

1. d4 Nf6 2. c4 c6 3. Nc3 d5 4. Bg5 dxc4 5. Bxf6 exf6 6. a4 Bb4 7. e3 b5 8. axb5 O-O 9. Qa4 Bxc3+ 10. bxc3 Bb7 11.
bxc6 Nxc6 12. Nf3 Qc7 13. Bxc4 Na5 14. Qxa5 Qxc4 15. Qb4 Qd3 16. Rd1 Qa6 17. c4 Rab8 18. Qc3 Rfc8 19. Nd2 Bxg2 20. Rg1 Bd5 21. Rc1 Qd6 22.
Rg3 Rb4 23. c5 Qb8 24. e4 Ba8 25. d5 Re8 26. f3 Qb5 27. Qxf6 g6 28. Qc3 Bxd5 29. c6 Be6 30. c7 Rc8 31. Kf2 Qb6+ 32. Qe3 Qxe3+ 33. Kxe3 Rb7 34. Rg5 Rbxc7 35. Rxc7 Rxc7 36.
Ra5 Bc8 37. h4 Kg7 38. e5 h5 39. Ne4 1-0

[Event "*** Titled Tuesday Blitz"]
[Site "Chess.com"]
[Date "2020.11.03"]
[Round "4"]
[White "Fins0905"]
[Black "WPWPWP-2015"]
[Result "0-1"]
[WhiteElo "2609"]
[BlackElo "2481"]
[TimeControl "180+1"]
[EndTime "10:41:55 PST"]
[Termination "WPWPWP-2015 won by checkmate"]

1. Nf3 Nf6 2. c4 c5 3. Nc3 d5 4.
cxd5 Nxd5 5. g3 Nc6 6. Bg2 Nf6 7. O-O g6 8. d4 cxd4 9. Nb5 e5 10. Bg5 Be7 11. e3 d3 12. Nd2 h6 13. Bxf6 Bxf6 14.
Rc1 O-O 15. Ne4 Be7 16. Rc3 Qb6 17. Qxd3 Be6 18. Qe2 Bb4 19. Rcc1 Qa6 20. b3 Rfd8 21. a4 Rac8 22. Nc5 Bxc5 23. Rxc5 Qb6 24. Rfc1 a6 25. Bxc6 Rxc6 26. Rxc6 bxc6 27. Nc3 Qxb3 28. Qxa6 c5 29.
Qb5 Qa3 30. Qb1 Bf5 31. Qa1 Qb4 32. a5 Qb7 33. a6 Qf3 34. e4 Bh3 35. Ne2 Qg2# 0-1

[Event "*** Titled Tuesday Blitz"]
[Site "Chess.com"]
[Date "2020.11.03"]
[Round "4"]
[White "Nachsueb"]
[Black "fabianvivasz"]
[Result "1-0"]
[WhiteElo "2094"]
[BlackElo "2364"]
[TimeControl "180+1"]
[EndTime "10:41:57 PST"]
[Termination "Nachsueb won on time"]

1. c4 Nf6 2. Nc3 c5 3. g3 d5 4. cxd5 Nxd5 5. Bg2 Nc7 6. d3 Nc6 7. Nf3 e5 8. O-O Be7 9. Bd2 O-O 10. a4 Bd7 11. a5 Kh8 12. Qb3 f5 13. Rfc1 Rb8 14. Qd1 Bf6 15. h4 Nd4 16. e3 Nxf3+ 17. Bxf3 Bc6 18. Bxc6 bxc6 19. Qe2 Ne6 20. Na4 Rb5 21. Rab1 f4 22. exf4 Nd4 23. Qd1 exf4 24. Bxf4 Bxh4 25. Rxc5 Rxc5 26. Nxc5 Rxf4 27. gxf4 Qd6 28. Qg4 h6 29. Ne4 Qe7 30. Rc1 Bf6 31. Nxf6 Qxf6 32. Re1 1-0

[Event "*** Titled Tuesday Blitz"]
[Site "Chess.com"]
[Date "2020.11.03"]
[Round "4"]
[White "Sjakkerntobi"]
[Black "ssrija97"]
[Result "0-1"]
[WhiteElo "2388"]
[BlackElo "2236"]
[TimeControl "180+1"]
[EndTime "10:41:58 PST"]
[Termination "ssrija97 won by resignation"]

1. e4 e5 2. Nf3 Nc6 3. Bb5 a6 4. Ba4 Nf6 5. O-O b5 6. Bb3 Bb7 7. Re1 Bc5 8. c3 d6 9. d4 Bb6 10. Be3 O-O 11. Nbd2 Na5 12. Bc2 Re8 13. h3 c5 14.
dxc5 dxc5 15. Nf1 Qxd1 16. Raxd1 Nxe4 17. Bxe4 Bxe4 18. b4 Bxf3 19. bxa5 Bxd1 20. axb6 Bc2 21. Bxc5 Rac8 22. Be3 Be4 23. Nd2 Bb7 24. Nb3 Rxc3 25. Nc5 Re7 26. Rd1 f5 27. Rd8+ Kf7 28. Rb8 f4 29.
Nxb7 fxe3 30. Nd8+ Kg6 31. fxe3 Rd7 32. b7 Rcc7 33. Ra8 Rxd8 34. Rxd8 Rxb7 35. Rd6+ Kf5 36.
Rxa6 Ke4 37. Kf2 Rc7 38. Rb6 Rc2+ 39. Kg3 Kxe3 40. Rxb5 e4 41. a4 Kd2 42. Rd5+ Ke2 43. a5 Ra2 44. Kf4 e3 45. g4 Kf2 46. Rf5 e2 47. Kg5+ Kg2 48. Re5 Rxa5 49. Rxa5 e1=Q 50. Rf5 Qe7+ 51. Kf4 Kxh3 52. Rh5+ Kg2 53. Rxh7 g5+ 54. Kf5 Qxh7+ 55. Kxg5 Qg7+ 56. Kf5 Kg3 57. g5 Kh4 0-1

[Event "*** Titled Tuesday Blitz"]
[Site "Chess.com"]
[Date "2020.11.03"]
[Round "4"]
[White "The_Machine04"]
[Black "IceBelka"]
[Result "0-1"]
[WhiteElo "2294"]
[BlackElo "2141"]
[TimeControl "180+1"]
[EndTime "10:41:59 PST"]
[Termination "IceBelka won on time"]

1. d4 d5 2. Bf4 e6 3. e3 Bd6 4.
Bg3 Nf6 5. Bd3 c5 6. c3 Qc7 7. Nd2 Nbd7 8. Ngf3 O-O 9. O-O Bxg3 10. hxg3 e5 11. dxe5 Nxe5 12. Nxe5 Qxe5 13. Re1 Re8 14. e4 Bg4 15. f3 Bh5 16. exd5 Qxd5 17. Ne4 Qc6 18. Nxf6+ Qxf6 19. Be4 Rad8 20. Qc2 Bg6 21. Bxg6 hxg6 22. Rxe8+ Rxe8 23. Rd1 c4 24. Qf2 Qa6 25.
a3 Qb5 26. g4 a5 27. Rd2 g5 28.
g3 Qe5 29. Kg2 b5 30. Qd4 Qxd4 31. cxd4 Kf8 32. Kf2 Ke7 0-1

[Event "*** Titled Tuesday Blitz"]
[Site "Chess.com"]
[Date "2020.11.03"]
[Round "4"]
[White "WoolworthsManly"]
[Black "vladislavkovalev"]
[Result "1-0"]
[WhiteElo "2681"]
[BlackElo "2853"]
[TimeControl "180+1"]
[EndTime "10:42:00 PST"]
[Termination "WoolworthsManly won by resignation"]

1. e4 e5 2. Nf3 Nc6 3. Bb5 a6 4. Ba4 Nf6 5. O-O Be7 6. Re1 b5 7. Bb3 d6 8. c3 O-O 9. h3 Nb8 10.
d4 Nbd7 11. Nbd2 c5 12. Nf1 Re8 13. Ng3 Bf8 14. a4 Bb7 15. d5 c4 16. Bc2 Nc5 17. Nh2 Qc7 18. Ng4 Nxg4 19. hxg4 g6 20. g5 Reb8 21. Qg4 Bc8 22. Qh4 Bd7 23. axb5 axb5 24. Rb1 Qc8 25. f3 b4 26. cxb4 Nd3 27.
Bxd3 cxd3 28. Bd2 Qc2 29. Nf1 Ra2 30. Rec1 Qb3 31. Bc3 Be7 32. Nd2 Qa4 33. f4 Qa7+ 34. Kh2 Qe3 35. Rf1 h5 36. Rbe1 Qa7 37. f5 Rc8 38.
fxg6 fxg6 39. Rf2 Bg4 40. Rf6 Bxf6 41. gxf6 Kf7 42. Qg5 Rh8 43. Qe3 Qxe3 44. Rxe3 Rc8 45. Rxd3 Be2 46. Re3 Bb5 47. Rf3 Be2 48. Rf2 Bg4 49. Kg3 g5 50. Kh2 Bd7 51. Nf3 Kg6 52. Bxe5 Bg4 53. Bxd6 Bxf3 54. Rxf3 Rxb2 55. f7 Re2 56.
f8=Q Rxf8 57. Rxf8 Rxe4 58. b5 1-0

[Event "*** Titled Tuesday Blitz"]
[Site "Chess.com"]
[Date "2020.11.03"]
[Round "4"]
[White "Borsuk_Konstantin"]
[Black "SHIVACalypso"]
[Result "1-0"]
[WhiteElo "2594"]
[BlackElo "2332"]
[TimeControl "180+1"]
[EndTime "10:42:00 PST"]
[Termination "Borsuk_Konstantin won on time"]

1. d4 e6 2. c4 Nf6 3. Nc3 Bb4 4. Qc2 b6 5. f3 c5 6. a3 cxd4 7. axb4 dxc3 8. bxc3 Bb7 9. e4 d5 10. cxd5 exd5 11.
e5 Nfd7 12. f4 O-O 13. Nf3 Re8 14. Bd3 g6 15. h4 f6 16. Bxg6 hxg6 17. Qxg6+ Kh8 18.
Ng5 Re7 19. e6 Nc6 20. Kf2 Nde5 21. Qxf6+ Kg8 22. fxe5 Qf8 23. Kg3 Qg7 24. b5 Nd8 25. Ba3 Re8 26. e7 Nf7 27. Raf1 Nxe5 28. Qe6+ Kh8 29. Rf6 Ng6 30. Rhf1 Bc8 31. Qc6 Bd7 32. Qxd7 Ne5 33. Qe6 Ng6 34. Rxg6 Qxc3+ 35. Rf3 Rxe7 36.
Rh6+ 1-0

[Event "*** Titled Tuesday Blitz"]
[Site "Chess.com"]
[Date "2020.11.03"]
[Round "4"]
[White "cukin84"]
[Black "Misticpikachu"]
[Result "0-1"]
[WhiteElo "2077"]
[BlackElo "2497"]
[TimeControl "180+1"]
[EndTime "10:42:00 PST"]
[Termination "Misticpikachu won by checkmate"]

1. e4 c5 2. Nc3 e6 3. f4 d5 4.
Nf3 dxe4 5. Nxe4 Nf6 6. Nxf6+ Qxf6 7. d3 Nc6 8. Be2 Bd6 9. g3 O-O 10. O-O b6 11. Ng5 Bb7 12. Ne4 Qe7 13. Nxd6 Qxd6 14. Bf3 Rab8 15. Be3 Nd4 16. Bxb7 Rxb7 17. c3 Nf5 18. Bf2 Rd8 19. g4 Ne7 20. d4 Qxf4 21.
Bg3 Qe3+ 22. Bf2 Qg5 23. Qf3 Qd5 24. Qf4 Ng6 25. Qg3 cxd4 26. Bxd4 e5 27. Be3 Rbd7 28.
Rf2 Qe6 29. Raf1 Rd1 30. Qf3 Rxf1+ 31. Rxf1 Qxa2 32. h4 Nxh4 33. Qe4 Ng6 34. Bg5 Qd5 35. Qa4 Rf8 36. Qxa7 h6 37. Be3 Qe4 38. Qxb6 Qxg4+ 39. Kf2 Nf4 40. Bxf4 exf4 41. Qc6 Qg3+ 42. Ke2 Rd8 43. Rf3 Qg2+ 44. Ke1 Qg1+ 45. Ke2 Qd1+ 46. Kf2 Rd2# 0-1

[Event "*** Titled Tuesday Blitz"]
[Site "Chess.com"]
[Date "2020.11.03"]
[Round "4"]
[White "brunomorado"]
[Black "queen_iryna"]
[Result "1-0"]
[WhiteElo "2445"]
[BlackElo "2265"]
[TimeControl "180+1"]
[EndTime "10:42:00 PST"]
[Termination "brunomorado won by checkmate"]

1. d4 d6 2. e4 Nf6 3. Nc3 e5 4.
g3 Nc6 5. d5 Ne7 6. Bg2 Ng6 7.
Nge2 Be7 8. O-O h5 9. f4 exf4 10.
Nxf4 Ne5 11. Be3 h4 12. Bd4 Bg4 13. Qd2 hxg3 14. hxg3 Qd7 15. Nd3 Nxd3 16. Qxd3 Bh3 17. Qb5 c6 18. dxc6 bxc6 19. Bxh3 Rxh3 20. Qd3 Qg4 21.
Kg2 Nh5 22. Rf3 Rxg3+ 23. Rxg3 Nf4+ 24. Kg1 Qh4 25. Qf3 g5 26. Be3 O-O-O 27. Bxf4 gxf4 28. Qg4+ Qxg4 29. Rxg4 f3 30. Kf2 d5 31. exd5 cxd5 32.
Rd1 d4 33. Rgxd4 Bc5 34. Nb5 Bxd4+ 35. Rxd4 Rh8 36. Kxf3 Rh3+ 37. Ke4 Rh2 38. Rc4+ Kb8 39. Nd6 f6 40. Rc8# 1-0

[Event "*** Titled Tuesday Blitz"]
[Site "Chess.com"]
[Date "2020.11.03"]
[Round "4"]
[White "NewBornNow"]
[Black "woodhy"]
[Result "1-0"]
[WhiteElo "2648"]
[BlackElo "2466"]
[TimeControl "180+1"]
[EndTime "10:42:01 PST"]
[Termination "NewBornNow won by resignation"]

1. e4 e6 2. d4 d5 3. Nc3 Bb4 4.
e5 c5 5. a3 Bxc3+ 6. bxc3 Ne7 7. Nf3 b6 8. Bb5+ Bd7 9. Bd3 c4 10. Be2 Ba4 11. h4 Nbc6 12. h5 Kd7 13. h6 gxh6 14. Bxh6 Qg8 15. Bg5 Qg6 16. Kd2 Ng8 17. Kc1 f6 18. exf6 h6 19. Kb2 Nxf6 20. Bxf6 Qxf6 21. Qd2 Rag8 22. g3 Kc7 23. Rh4 Ne7 24. Rah1 Nf5 25. Qf4+ Kb7 26. g4 Nxh4 27. Qxf6 Nxf3 28.
Bxf3 Rf8 29. Qe7+ Ka6 30. Rh3 Rf4 31. Qxe6 Rhf8 32. Qxd5 Bb5 33. Qb7+ Ka5 34. Qxa7+ Ba6 35. Bb7 1-0